 Dungeon Crawl Stone Soup version 0.21-a0-273-g0785366 (webtiles) character file.

10160 nikopol the Thaumaturge (level 11, -2/56 HPs)
             Began as a Deep Elf Fire Elementalist on Sept 17, 2017.
             Was an Elder of Vehumet.
             Slain by a blink frog (8 damage)
             ... on level 1 of the Lair of Beasts.
             The game lasted 00:59:52 (10514 turns).

nikopol the Thaumaturge (DEFE)                     Turns: 10514, Time: 00:59:53

Health: -2/56      AC: 12    Str:  5    XL:     11   Next: 32%
Magic:  24/30      EV: 14    Int: 24    God:    Vehumet [****..]
Gold:   250        SH:  0    Dex: 15    Spells: 24/37 levels left

rFire    . . .     SeeInvis .   q - +2 dagger (venom)
rCold    . . .     Gourm    .   (no shield)
rNeg     . . .     Faith    .   a - +0 robe
rPois    .         Spirit   .   e - +0 helmet
rElec    .         Reflect  .   (no cloak)
rCorr    .         Harm     .   l - +0 pair of gloves
MR       ++...                  (no boots)
Stlth    +++.......             h - amulet of magic regeneration
HPRegen  0.18/turn              I - ring of protection from magic
MPRegen  0.47/turn              K - ring of Robustness {AC+8}

@: no status effects
A: no striking features
a: Renounce Religion


You were on level 1 of the Lair of Beasts.
You worshipped Vehumet.
Vehumet was greatly pleased with you.
You were not hungry.

You visited 2 branches of the dungeon, and saw 11 of its levels.
You also visited: Sewer.

You collected 504 gold pieces.
You spent 254 gold pieces at shops.

Inventory:

Hand Weapons
 q - a +2 dagger of venom (weapon)
Armour
 a - a +0 robe (worn)
 e - a +0 helmet (worn)
 l - a +0 pair of gloves (worn)
Jewellery
 h - an amulet of magic regeneration (around neck)
 m - an uncursed ring of wizardry
 I - a ring of protection from magic (left hand)
 K - the ring of Robustness (right hand) {AC+8}
   (You found it on level 6 of the Dungeon)

   [ring of protection]

   It affects your AC (+8).
 Q - an uncursed amulet of harm {unknown}
Wands
 g - a wand of iceblast (5/15)
 k - a wand of disintegration (11/24)
 u - a wand of enslavement (10/24)
 x - a wand of lightning (1/15)
 G - a wand of disintegration (3/24)
 L - a wand of iceblast (9/15)
Scrolls
 d - 3 scrolls of enchant weapon
 i - 2 scrolls of torment {unknown}
 o - a scroll of fear {unknown}
 s - 2 scrolls of remove curse
 y - 2 scrolls of magic mapping
 A - a scroll of recharging {unknown}
 C - 3 scrolls of teleportation
 E - 4 scrolls of blinking
 F - 2 scrolls of amnesia {unknown}
 J - a scroll of enchant armour {unknown}
 N - 2 scrolls of identify
 P - 2 scrolls of fog {unknown}
Potions
 f - 6 potions of heal wounds
 j - 4 potions of agility
 p - 5 potions of flight
 r - 8 potions of curing
 t - 4 potions of might
 v - 2 potions of brilliance
 w - 4 potions of lignification
 z - 3 potions of cancellation
 B - 2 potions of ambrosia
 O - a potion of degeneration {unknown}
Books
 b - a book of Flames

   Spells                             Type                      Level
   a - Flame Tongue                   Conjuration/Fire             1
   b - Throw Flame                    Conjuration/Fire             2
   c - Conjure Flame                  Conjuration/Fire             3
   d - Inner Flame                    Hexes/Fire                   3
   e - Sticky Flame                   Conjuration/Fire             4
   f - Fireball                       Conjuration/Fire             5
 M - a book of Frost

   Spells                             Type                      Level
   a - Freeze                         Ice                          1
   b - Throw Frost                    Conjuration/Ice              2
   c - Ozocubu's Armour               Charms/Ice                   3
   d - Throw Icicle                   Conjuration/Ice              4
   e - Summon Ice Beast               Ice/Summoning                4
Comestibles
 c - 10 bread rations
 D - 8 meat rations
 H - 5 royal jellies
 R - 6 fruits


   Skills:
 + Level 1.0 Fighting
 + Level 0.6 Short Blades
 + Level 4.5 Dodging
 + Level 4.6 Stealth
 + Level 13.8 Spellcasting
 + Level 10.5 Conjurations
 + Level 10.7 Fire Magic


You had 24 spell levels left.
You knew the following spells:

 Your Spells              Type           Power        Failure   Level  Hunger
a - Flame Tongue          Conj/Fire      #####        1%          1    None
b - Throw Flame           Conj/Fire      ######       1%          2    None
c - Conjure Flame         Conj/Fire      ######..     1%          3    None
d - Fireball              Conj/Fire      ######....   1%          5    ###....
e - Throw Frost           Conj/Ice       #####.       1%          2    None


Dungeon Overview and Level Annotations

Branches:
Dungeon (10/15)            Temple (0/1) D:6            Lair (1/6) D:10
    Orc: D:9-12

Altars:
Elyvilon
Makhleb
Nemelex Xobeh
Qazlal
Ru
Sif Muna
Trog
Vehumet
The Shining One

Shops:
D:6 }   D:8 ?

Annotations:
D:9 Mandevil's ghost, novice HuHu


Message History

Aiming: Flame Tongue
Press: ? - help, Shift-Dir - straight line, f/p - blink frog
Aim: a blink frog (heavily wounded)
The flame tongue misses the blink frog.
The blink frog hits you but does no damage.
The blink frog hits you.
Casting: Flame Tongue
Confirm with . or Enter, or press ? or * to list all spells.
Aiming: Flame Tongue
Press: ? - help, Shift-Dir - straight line, f/p - blink frog
Aim: a blink frog (heavily wounded)
The flame tongue hits the blink frog.
The blink frog is almost dead.
The blink frog hits you!
* * * LOW HITPOINT WARNING * * *
The blink frog blinks!
The blink frog hits you.
* * * LOW HITPOINT WARNING * * *
The blink frog blinks!
The blink frog hits you!
You die...

*,,,,,,,,,,,,,,,,,,,,,**
*,#...,,,,,,,,,,,,,,,,*
**#..##*,****,*,*,,,,** ****
####...#*** *,#,,,**,* ,*,**
##.##...#####**.#,,,****
,,,,* *...$.††$,..##..,,,,*
*,,** *#.##..###....,,*,*,*
**.######.#....F.#.#..#.,*,*
,*.............†@.......,,,*
,,.......÷.F...§.#.#..%#,***
*,,,#.###.÷###.##....,,#,**
******* #.##*#..##.##.#*,,*
#.##*...P#.#,,.#,**
**#.P#........,,*#,**
*******,#.###...##.##***,,*
,,,,,,,,...,....?,.#**,*,**
*******##...,,...,,>,,,,,*


You could see 2 blink frogs.

Vanquished Creatures
  Erica (D:10)
  A centaur skeleton (D:10)
  Prince Ribbit (D:5)
  A blink frog (Lair:1)
  5 hippogriffs
  14 yaks
  Eustachio (D:4)
  2 hungry ghosts
  Edmund (D:4)
  Menkaure (D:7)
  2 porcupines (Lair:1)
  4 black bears
  4 sky beasts
  3 orc warriors
  2 ice beasts (D:6)
  A necrophage (D:9)
  An eye of draining (D:9)
  7 ogres
  3 phantoms
  2 centaurs (D:9)
  A big kobold (Sewer)
  8 bullfrogs
  A scorpion (D:9)
  5 killer bees (D:7)
  3 wights (D:9)
  An electric eel (D:10)
  2 centaur zombies
  3 crimson imps
  3 jellies
  A quasit (D:10)
  7 hounds
  5 orc priests
  2 bullfrog skeletons
  A gnoll shaman (D:5)
  6 orc wizards
  4 iguanas
  10 worker ants
  A hound skeleton (D:9)
  10 gnolls
  20 adders
  3 river rats (Sewer)
  A shadow imp (D:6)
  3 oozes
  An adder zombie (D:6)
  2 adder skeletons
  3 worms (D:3)
  3 dart slugs
  A leopard gecko (D:2)
  28 orcs
  6 ball pythons
  3 giant cockroaches
  7 goblins
  4 hobgoblins
  10 jackals
  22 kobolds
  4 quokkas
  3 bats
  6 frilled lizards
  A jackal skeleton (D:4)
  33 rats
  A plant (D:4)
296 creatures vanquished.

Vanquished Creatures (others)
  A fungus (Lair:1)
  4 toadstools (D:1)
5 creatures vanquished.

Grand Total: 301 creatures vanquished

Notes
Turn   | Place    | Note
-------+----------+-------------------------------------------
     0 | D:1      | nikopol the Deep Elf Fire Elementalist began the quest for the Orb.
     0 | D:1      | Reached XP level 1. HP: 10/10 MP: 6/6
   298 | D:1      | Reached XP level 2. HP: 15/15 MP: 5/8
   305 | D:1      | Learned a level 2 spell: Throw Flame
   678 | D:2      | Reached XP level 3. HP: 19/19 MP: 5/9
   689 | D:2      | Learned a level 3 spell: Conjure Flame
  1016 | D:2      | Reached XP level 4. HP: 23/24 MP: 8/11
  1215 | D:2      | Reached skill level 4 in Spellcasting
  1409 | D:3      | Found a glowing drain.
  1426 | Sewer    | Entered a sewer
  1487 | Sewer    | Reached XP level 5. HP: 28/28 MP: 11/13
  1700 | Sewer    | Learned a level 5 spell: Fireball
  1815 | Sewer    | Reached skill level 5 in Fire Magic
  2001 | Sewer    | Reached skill level 5 in Spellcasting
  2001 | Sewer    | Reached XP level 6. HP: 32/32 MP: 3/15
  2729 | D:4      | Noticed Edmund
  2746 | D:4      | Found a bloodstained altar of Trog.
  2746 | D:4      | Found a white marble altar of Elyvilon.
  2746 | D:4      | Found a radiant altar of Vehumet.
  2748 | D:4      | Noticed a sky beast
  2851 | D:4      | Found a stormy altar of Qazlal.
  2858 | D:4      | Noticed Eustachio
  2859 | D:4      | Became a worshipper of Vehumet
  2875 | D:3      | Killed a sky beast
  3137 | D:4      | Killed Eustachio
  3137 | D:4      | Reached skill level 6 in Spellcasting
  3137 | D:4      | Reached XP level 7. HP: 32/36 MP: 6/18
  3187 | D:4      | Got a glittering ivory amulet
  3214 | D:4      | Killed Edmund
  3397 | D:4      | Found a glowing golden altar of the Shining One.
  3684 | D:5      | Entered Level 5 of the Dungeon
  3761 | D:5      | Reached skill level 7 in Spellcasting
  3886 | D:5      | Reached skill level 5 in Conjurations
  4034 | D:5      | Noticed Prince Ribbit
  4053 | D:5      | Killed Prince Ribbit
  4053 | D:5      | Reached XP level 8. HP: 41/41 MP: 13/21
  4284 | D:5      | Reached skill level 8 in Spellcasting
  4446 | D:5      | Reached * piety under Vehumet
  4446 | D:5      | Offered knowledge of Sandblast by Vehumet.
  4909 | D:5      | Found a sparkling altar of Nemelex Xobeh.
  5385 | D:6      | Reached skill level 9 in Spellcasting
  5443 | D:6      | Found the ring of Robustness {AC+8}
  5453 | D:6      | Identified the amulet "Latoff" {Inacc rF+ Str+3} (You found it on level 4 of the Dungeon)
  5484 | D:6      | Offered knowledge of Freeze by Vehumet.
  5484 | D:6      | Reached XP level 9. HP: 46/46 MP: 16/24
  5488 | D:6      | Reached ** piety under Vehumet
  5516 | D:6      | Found Sazuaprif's Gadget Boutique.
  5526 | D:6      | Found a deep blue altar of Sif Muna.
  5672 | D:6      | Found a staircase to the Ecumenical Temple.
  5756 | D:6      | Reached skill level 10 in Spellcasting
  6292 | D:7      | Noticed Menkaure
  6295 | D:7      | Killed Menkaure
  6390 | D:7      | Learned a level 2 spell: Throw Frost
  6420 | D:7      | Offered knowledge of Searing Ray by Vehumet.
  6968 | D:8      | Reached skill level 11 in Spellcasting
  7055 | D:8      | Reached *** piety under Vehumet
  7246 | D:8      | Reached XP level 10. HP: 51/51 MP: 24/27
  7249 | D:8      | Found a bloodstained altar of Trog.
  7401 | D:8      | Found Coamaup's Magic Scroll Emporium.
  7408 | D:8      | Bought a scroll of remove curse for 45 gold pieces
  7408 | D:8      | Bought a scroll of blinking for 112 gold pieces
  7408 | D:8      | Bought a scroll of teleportation for 45 gold pieces
  7408 | D:8      | Bought a scroll of magic mapping for 52 gold pieces
  7872 | D:9      | Found a burning altar of Makhleb.
  8011 | D:9      | Offered knowledge of Olgreb's Toxic Radiance by Vehumet.
  8125 | D:9      | Reached skill level 12 in Spellcasting
  8221 | D:9      | Found a sacrificial altar of Ru.
  8383 | D:9      | Noticed Mandevil's ghost (novice HuHu)
  8908 | D:9      | Reached **** piety under Vehumet
  8908 | D:9      | Reached skill level 10 in Fire Magic
  9193 | D:9      | Reached skill level 13 in Spellcasting
  9504 | D:10     | Entered Level 10 of the Dungeon
  9525 | D:10     | Offered knowledge of Lightning Bolt by Vehumet.
  9853 | D:10     | Reached XP level 11. HP: 50/55 MP: 24/30
  9877 | D:10     | Noticed Erica
  9880 | D:10     | Killed Erica
  9880 | D:10     | Reached skill level 1 in Fighting
  9880 | D:10     | Reached skill level 10 in Conjurations
 10014 | D:10     | Found a staircase to the Lair.
 10219 | Lair:1   | Entered Level 1 of the Lair of Beasts
 10514 | Lair:1   | Slain by a blink frog

Vault maps used:
D:1:      ldierk_water_garden
D:2:      minivault_11, minmay_pentomino_x2
D:3:      first_bread, portal_sewer_entry_b
D:4:      cheibrodos_quashed, tso_metal_star,
          chequers_temple_overflow_statue_of_worship, serial_forest,
          infiniplex_forest_straight_4, infiniplex_forest_clump_small,
          infiniplex_forest_zigzag_1, infiniplex_forest_end_1,
          saegor_snake_ambush, uniq_edmund, uniq_eustachio
D:5:      nemelex_dance_club_becter, uniq_prince_ribbit1
D:6:      minmay_temple_entry_poolview, serial_shops, nicolae_shop_crystal,
          basic_altar
D:7:      grunt_ogre_cave, minmay_misc_feat_more_columns, uniq_menkaure
D:8:      serial_shops, shop, trog_ov_bears_minmay
D:9:      makhleb_blood_cavern_becter, minmay_misc_feat_enclosed,
          nicolae_ru_great_annihilating_truth
D:10:     lair_entry_dummy, kennysheep_generic_room_16, uniq_erica
Lair:1:   lightli_volcano_entry_magma_tube
Sewer:    sewer_minmay_treatment

Skill      XL: |  1  2  3  4  5  6  7  8  9 10 11 |
---------------+----------------------------------+-----
Fire Magic     | 4 5 6 7 8 10 | 10.7
Stealth        | 3 4 |  4.6
Conjurations   | 2 3 4 5 6 8 9 10 | 10.5
Spellcasting   | 4 5 6 7 9 11 13 | 13.8
Dodging        | 3 4 |  4.5
Fighting       | 1 |  1.0
Short Blades   | |  0.6

Action                   |  1- 3 |  4- 6 |  7- 9 | 10-12 || total
-------------------------+-------+-------+-------+-------++-------
Melee: Dagger            |       |       |    53 |       ||    53
 Cast: Flame Tongue      |    59 |   135 |   303 |   218 ||   715
       Throw Flame       |     7 |    34 |    32 |    47 ||   120
       Conjure Flame     |       |     3 |    14 |    12 ||    29
       Fireball          |       |     1 |     4 |    25 ||    30
       Throw Frost       |       |       |     6 |     1 ||     7
  Use: Scroll            |       |     2 |     1 |    14 ||    17
  Eat: Chunk             |       |     8 |    13 |    12 ||    33
Armor: Robe              |     1 |     6 |    27 |    30 ||    64
Dodge: Dodged            |    18 |    23 |    63 |    70 ||   174

Table legend:
 A = Spawn XP
 B = Non-spawn XP
 C = Spawn XP percentage of total XP
 D = Spawn monster count
 E = Non-spawn monster count
 F = Spawn count percentage of total count
 G = Total turns spent on level
                    A         B        C        D         E        F      G
               +---------+---------+-------+---------+---------+-------+---------
         Total |       0 |   14515 |   0.0 |       0 |     295 |   0.0 | 10514
               +---------+---------+-------+---------+---------+-------+---------
           D:1 |       0 |      24 |   0.0 |       0 |      16 |   0.0 |   666
           D:2 |       0 |     130 |   0.0 |       0 |      26 |   0.0 |   628
           D:3 |       0 |     188 |   0.0 |       0 |      22 |   0.0 |   898
           D:4 |       0 |     547 |   0.0 |       0 |      11 |   0.0 |   702
           D:5 |       0 |    1018 |   0.0 |       0 |      29 |   0.0 |  1268
           D:6 |       0 |    1336 |   0.0 |       0 |      33 |   0.0 |  1034
           D:7 |       0 |    1190 |   0.0 |       0 |      25 |   0.0 |   968
           D:8 |       0 |    1575 |   0.0 |       0 |      18 |   0.0 |   984
           D:9 |       0 |    4016 |   0.0 |       0 |      40 |   0.0 |  1566
          D:10 |       0 |    2156 |   0.0 |       0 |      16 |   0.0 |   897
        Lair:1 |       0 |    2116 |   0.0 |       0 |      11 |   0.0 |   113
         Sewer |       0 |     219 |   0.0 |       0 |      48 |   0.0 |   790
               +---------+---------+-------+---------+---------+-------+---------
